 Dungeon Crawl Stone Soup version 0.31.0-11-ge490571c62 (webtiles) character file.

Game seed: 7227128334541930531

14 Skitler the Covert (level 2, 0/29 HPs)
             Began as a Gnoll Delver on Feb 3, 2024.
             Slain by an ufetubus (4 damage)
             ... on level 5 of the Dungeon.
             The game lasted 00:00:18 (24 turns).

Skitler the Covert (Gnoll Delver)                     Turns: 24, Time: 00:00:18

Health: 0/29       AC:  3    Str: 11    XL:     2   Next: 45%
Magic:  2/2        EV: 13    Int:  9    God:
Gold:   0          SH:  0    Dex: 13    Spells: 1/1 levels left

rFire   . . .        h - +2 mace (holy)
rCold   . . .        (no shield)
rNeg    . . .        b - +0 leather armour
rPois   .            (no helmet)
rElec   .            (no cloak)
rCorr   .            (no gloves)
SInv    .            (no boots)
Will    .....        (no amulet)
Stlth   ++++         (no ring)
HPRegen 0.24/turn    (no ring)
MPRegen 0.08/turn

%: no passive effects
@: hasted, very quick
A: fangs 1, strong nose, distributed training
a: no special abilities


You were on level 5 of the Dungeon.
You visited 1 branch of the dungeon, and saw 1 of its levels.

Inventory:

Hand Weapons
 a - a +0 hand axe
 h - a +2 mace of holy wrath (weapon)
Armour
 b - a +0 leather armour (worn)
Wands
 g - a wand of digging (3)
Scrolls
 c - a scroll of fog
 d - a scroll of revelation
 e - a scroll of fear


   Skills:
 + Level 6.5 Fighting
 + Level 0.4 Short Blades
 + Level 0.4 Long Blades
 + Level 4.5 Axes
 + Level 0.4 Maces & Flails
 + Level 0.4 Polearms
 + Level 0.4 Staves
 + Level 0.4 Ranged Weapons
 + Level 0.4 Throwing
 + Level 0.4 Armour
 + Level 4.5 Dodging
 + Level 9.5 Stealth
 + Level 0.4 Shields
 + Level 0.4 Unarmed Combat
 + Level 0.4 Spellcasting
 + Level 0.2 Conjurations
 + Level 0.2 Hexes
 + Level 0.2 Summonings
 + Level 0.2 Necromancy
 + Level 0.2 Translocations
 + Level 0.2 Fire Magic
 + Level 0.2 Ice Magic
 + Level 0.2 Air Magic
 + Level 0.2 Earth Magic
 + Level 0.2 Alchemy
 + Level 0.5 Invocations
 + Level 0.4 Evocations
 + Level 0.3 Shapeshifting


You had one spell level left.
You didn't know any spells.
Your spell library was empty.

Dungeon Overview and Level Annotations

Branches:
Dungeon (5/15)
 Temple: D:4-7

Altars:

Shops:
D:5 (


Innate Abilities, Weirdness & Mutations

You have very sharp teeth.
Your uncanny sense of smell can sniff out nearby items.
Your experience applies equally to all skills.


Message History

The gnoll shouts!
You hear a shout! x2
An ufetubus comes into view.
You open the door.
An ufetubus comes into view.
A gnoll comes into view. It is wielding a +0 whip.
Found Qeruymni's Weapon Shop.
There is an open door here.
There is an entrance to Qeruymni's Weapon Shop here.
The ufetubus closely misses you. x2
You closely miss the ufetubus. The ufetubus closely misses you.
The ufetubus hits you. The gnoll barely misses you.
The ufetubus barely misses you. x2; The gnoll closely misses you.
The ufetubus shouts!
You hit the ufetubus.
The ufetubus convulses.
You kill the ufetubus!
You hear a shout!
The gnoll hits you but does no damage. The gnoll closely misses you.
A gnoll comes into view. It is wielding a +0 spear.
You closely miss the gnoll. The gnoll hits you with a +0 halberd.
You completely miss the gnoll. The gnoll barely misses you.
The gnoll hits you with a +0 halberd.
You closely miss the gnoll. The gnoll barely misses you.
You feel yourself speed up. The gnoll closely misses you.
You hit the gnoll.
The gnoll is lightly wounded.
The gnoll hits you with a +0 halberd. The gnoll closely misses you.
You hit the gnoll.
The gnoll is severely wounded.
The gnoll barely misses you. The gnoll misses you.
You hit the gnoll.
You kill the gnoll!
The gnoll hits you from afar with a +0 spear!
* * * LOW HITPOINT WARNING * * *
You have reached level 2!
The ufetubus attacks as it pursues you! The ufetubus barely misses you.
The ufetubus closely misses you.
You hit the ufetubus but do no damage. The ufetubus slips past you!
The ufetubus hits you.
You die...

#..........#
#..........#
#.....>....#
####..........#
#.............#
..#+#............
∆ #.#............
###.###..........
+..5@.)..........
###.###g.........
#.# .##.##..##
#+# . .....g .#
.....5 . ...#. #.
#.#


You could see a gnoll and an ufetubus.

Vanquished Creatures
  A gnoll (D:5)
  An ufetubus (D:5)
2 creatures vanquished.

Notes
Turn   | Place    | Note
-------+----------+-------------------------------------------
     0 | D:5      | Reached skill level 9 in Stealth
     0 | D:5      | Skitler the Gnoll Delver began the quest for the Orb.
     0 | D:5      | Reached XP level 1. HP: 23/23 MP: 1/1
     7 | D:5      | Found Qeruymni's Weapon Shop.
    23 | D:5      | Reached XP level 2. HP: 4/29 MP: 2/2
    24 | D:5      | Slain by an ufetubus

Illustrated notes

Levels and vault maps discovered:
D:5:      layout_rooms, serial_shops, nicolae_shop_hallway_plus

Skill      XL: | |
---------------+-+-----
Stealth        | |  9.5
Fighting       | |  6.5
Short Blades   | |  0.4
Long Blades    | |  0.4
Axes           | |  4.5
Maces & Flails | |  0.4
Polearms       | |  0.4
Staves         | |  0.4
Ranged Weapons | |  0.4
Throwing       | |  0.4
Armour         | |  0.4
Dodging        | |  4.5
Shields        | |  0.4
Unarmed Combat | |  0.4
Spellcasting   | |  0.4
Conjurations   | |  0.2
Hexes          | |  0.2
Summonings     | |  0.2
Necromancy     | |  0.2
Translocations | |  0.2
Fire Magic     | |  0.2
Ice Magic      | |  0.2
Air Magic      | |  0.2
Earth Magic    | |  0.2
Alchemy        | |  0.2
Invocations    | |  0.5
Evocations     | |  0.4
Shapeshifting  | |  0.3

Action                     || total
---------------------------++-------
  Melee: Mace              ||     9
    Use: Potion            ||     1
 Armour: Leather armour    ||     7
  Dodge: Dodged            ||    16
